 Dungeon Crawl Stone Soup version 0.20-a0-544-g2b9a704 (webtiles) character file.

1641 Dharzhak the Cleaver (level 8, -4/71 HPs)
             Began as a Minotaur Fighter on Jan 31, 2017.
             Slain by a troll (8 damage)
             ... on level 6 of the Dungeon.
             The game lasted 00:13:41 (4504 turns).

Dharzhak the Cleaver (Minotaur Fighter)             Turns: 4504, Time: 00:13:41

Health: -4/71      AC: 11    Str: 20    XL:     8   Next: 66%
Magic:  7/7        EV:  7    Int:  5    God:
Gold:   271        SH: 10    Dex: 13    Spells: 7/7 levels left

rFire    . . .     SeeInvis .   a - +0 war axe
rCold    + . .     Gourm    .   D - +0 chain mail
rNeg     . . .     Faith    .   c - +0 shield
rPois    +         Spirit   .   (helmet restricted)
rElec    .         Reflect  .   l - +0 cloak
rCorr    .         Harm     .   (no gloves)
MR       .....                  (no boots)
Stlth    ..........             (no amulet)
Regen    0.3/turn               z - ring of poison resistance
                                j - ring of protection from cold

@: invisible
A: retaliatory headbutt, horns 2
a: no special abilities


You were on level 6 of the Dungeon.
You were near starving.

You visited 1 branch of the dungeon, and saw 6 of its levels.

You collected 271 gold pieces.

Inventory:

Hand Weapons
 a - a +0 war axe (weapon)
 r - a +0 flail
Missiles
 y - 2 tomahawks (quivered)
Armour
 c - a +0 shield (worn)
 l - a +0 cloak (worn)
 D - a +0 chain mail (worn)
Jewellery
 j - a ring of protection from cold (left hand)
 z - a ring of poison resistance (right hand)
Scrolls
 d - a scroll of fog {unknown}
 g - 2 scrolls of amnesia
 p - 2 scrolls of enchant weapon {unknown}
 t - a scroll of enchant armour {unknown}
 u - 4 scrolls of teleportation
 w - a scroll of fear {unknown}
 B - a scroll of immolation {unknown}
 C - a scroll of noise {unknown}
 E - a scroll of remove curse {unknown}
Potions
 b - a potion of lignification
 e - a potion of flight
 h - 2 potions of haste
 n - a potion of brilliance {unknown}
 o - a potion of berserk rage {unknown}
 q - a potion of curing
 A - a potion of mutation {unknown}
Comestibles
 f - 4 bread rations
 i - 3 meat rations
 m - 3 royal jellies
 s - 4 fruits


   Skills:
 + Level 6.5 Fighting
 + Level 9.0 Axes
 + Level 2.0 Throwing
 + Level 6.0 Armour
 + Level 2.1 Dodging
 + Level 0.3 Stealth
 + Level 6.4 Shields
   Level 0.5 Evocations


You had 7 spell levels left.
You didn't know any spells.

Dungeon Overview and Level Annotations

Branches:
Dungeon (6/15)
 Temple: D:4-7

Altars:
Elyvilon


Innate Abilities, Weirdness & Mutations

You reflexively headbutt those who attack you in melee.
You have a pair of horns on your head.


Message History

The troll is severely wounded.
The troll bites you. The troll claws you. x2
You hit the troll. You headbutt the troll.
The troll is severely wounded.
The troll bites you!
The troll claws you but does no damage. x2
You hit the troll.
The troll is almost dead.
The troll bites you!
* * * LOW HITPOINT WARNING * * *
You block the troll's attack. The troll claws you but does no damage.
You closely miss the troll.
The troll is severely wounded.
The troll bites you!
* * * LOW HITPOINT WARNING * * *
The troll claws you!
* * * LOW HITPOINT WARNING * * *
You block the troll's attack.
You fade into invisibility!
The troll bites you!
You die...

# + ... # ... ## ... .......#
.## #.# #......# ..## #.#
#......# ### .#.## ###
#Z####......##... ....##+##....
#T##.............
.............[##@##.............
..รท..............#.............
...[.#####+#...............#
.....# #..##......##..## .....#
#.. ##....###..# .....# #.
##..###..## .....## ##.#..
#####...# .).##...........
#....# ...##.###.##.... #....#


You could see a troll and a wyvern zombie.

Vanquished Creatures
  Prince Ribbit (D:6)
  The ghost of lunkers the Skirmisher, an amateur BaBe of Trog (D:3)
  Menkaure (D:5)
  Edmund (D:5)
  Duvessa (D:5)
  4 ogres
  Blork the orc (D:5)
  Dowan (D:5)
  A scorpion (D:5)
  A crimson imp (D:5)
  A bullfrog skeleton (D:5)
  2 jellies
  A centaur skeleton (D:4)
  5 worker ants
  A hound skeleton (D:6)
  6 adders
  A shadow imp (D:6)
  An ooze (D:2)
  An adder zombie (D:5)
  2 adder skeletons
  2 worms
  A dart slug (D:1)
  4 leopard geckos
  7 orcs (D:3)
  13 bats
  4 giant cockroaches
  6 goblins
  5 hobgoblins
  11 jackals
  A quokka (D:3)
  3 ball pythons
  7 frilled lizards
  4 kobolds
  12 rats
114 creatures vanquished.

Notes
Turn   | Place    | Note
-------+----------+-------------------------------------------
     0 | D:1      | Dharzhak the Minotaur Fighter began the quest for the Orb.
     0 | D:1      | Reached XP level 1. HP: 19/19 MP: 0/0
   135 | D:1      | Reached XP level 2. HP: 27/27 MP: 1/1
   751 | D:2      | Reached XP level 3. HP: 31/33 MP: 2/2
   790 | D:2      | Reached skill level 3 in Axes
  1294 | D:2      | Reached XP level 4. HP: 40/40 MP: 3/3
  1698 | D:3      | Reached skill level 1 in Dodging
  1816 | D:3      | Reached skill level 4 in Axes
  1902 | D:3      | Noticed lunkers's ghost (amateur BaBe)
  1911 | D:3      | Killed lunkers's ghost
  1911 | D:3      | Reached skill level 5 in Axes
  1911 | D:3      | Reached skill level 5 in Shields
  1911 | D:3      | Reached XP level 5. HP: 45/47 MP: 4/4
  1934 | D:3      | Reached XP level 6. HP: 50/53 MP: 5/5
  2117 | D:3      | Found a white marble altar of Elyvilon.
  2341 | D:4      | Reached skill level 5 in Fighting
  2909 | D:4      | Reached skill level 6 in Axes
  2909 | D:4      | Reached skill level 5 in Armour
  2909 | D:4      | Reached XP level 7. HP: 61/61 MP: 6/6
  2925 | D:5      | Entered Level 5 of the Dungeon
  2938 | D:5      | Noticed Menkaure
  2947 | D:5      | Killed Menkaure
  3559 | D:5      | Reached skill level 7 in Axes
  3662 | D:5      | Noticed Edmund
  3679 | D:5      | Killed Edmund
  3679 | D:5      | Reached skill level 1 in Throwing
  3679 | D:5      | Reached XP level 8. HP: 60/70 MP: 7/7
  3756 | D:5      | Noticed Blork the orc
  3761 | D:5      | Killed Blork the orc
  3858 | D:5      | Noticed Dowan
  3859 | D:5      | Noticed Duvessa
  3869 | D:5      | Killed Duvessa
  3869 | D:5      | Reached skill level 8 in Axes
  3876 | D:5      | Killed Dowan
  3998 | D:6      | Noticed Prince Ribbit
  4024 | D:6      | Killed Prince Ribbit
  4280 | D:6      | Reached skill level 9 in Axes
  4489 | D:6      | Noticed a troll
  4504 | D:6      | Slain by a troll

Vault maps used:
D:1:      saegor_arrival_simple_d, nrook_mini_backslash
D:2:      kennysheep_crisscross
D:3:      lemuel_doored_altar, wad_rectangle_vault
D:4:      roderic_lattice_a
D:5:      first_bread, uniq_duvessa, uniq_edmund, uniq_menkaure,
          uniq_blork_the_orc
D:6:      kennysheep_spiral_hall, nicolae_overflow_crystal_walls,
          lemuel_temple_firewalk_b, minivault_19, dk_noncrumbling_4,
          uniq_prince_ribbit1

Skill      XL: |  1  2  3  4  5  6  7  8 |
---------------+-------------------------+-----
Fighting       | 4 5 6 |  6.5
Shields        | 4 5 6 |  6.4
Axes           | 3 5 6 7 9 |  9.0
Dodging        | 1 2 |  2.1
Armour         | 4 5 6 |  6.0
Throwing       | 1 2 |  2.0
Stealth        | |  0.3
Evocations     | |  0.5

Action                   |  1- 3 |  4- 6 |  7- 9 || total
-------------------------+-------+-------+-------++-------
Melee: War axe           |   101 |   102 |   127 ||   330
       Headbutt          |     8 |    17 |    17 ||    42
Throw: Tomahawk          |       |       |    20 ||    20
Evoke: Wand              |       |     4 |     2 ||     6
  Use: Potion            |       |     1 |     1 ||     2
       Scroll            |       |     4 |     3 ||     7
  Eat: Chunk             |     1 |     6 |     3 ||    10
Armor: Scale mail        |    67 |    34 |    23 ||   124
       Chain mail        |       |       |    27 ||    27
Dodge: Dodged            |    39 |    31 |    39 ||   109
Block: Shield            |    69 |    68 |    60 ||   197
